 Dungeon Crawl Stone Soup version 0.28-a0-1624-g820543e53a (webtiles) character file.

Game seed: 9437513215672798682

401 riojii the Magician (level 7, -8/45 HPs)
             Began as a Djinni Air Elementalist on Jan 24, 2022.
             Mangled by an ogre (31 damage)
             ... on level 4 of the Dungeon.
             The game lasted 00:06:44 (5119 turns).

riojii the Magician (Djinni Air Elementalist)       Turns: 5119, Time: 00:06:45

Health: -8/45      AC:  4    Str:  7    XL:     7   Next: 11%
Gold:   121        EV: 12    Int: 19    God:
                   SH:  0    Dex: 13

rFire   + + .      SeeInvis .   (no weapon)
rCold   x . .      Faith    .   (no shield)
rNeg    . . .      Spirit   .   a - +0 robe
rPois   ∞          Reflect  .   (no helmet)
rElec   .          Harm     .   (no cloak)
rCorr   .          Rampage  .   k - +1 pair of gloves
Will    +....                   (boots unavailable)
Stlth   ++........              (no amulet)
HPRegen 0.15/turn               (no ring)
MPRegen 0.00/turn               (no ring)

@: flying
A: sickness immunity, fire resistance 2, cold vulnerability 1, float, innate
caster, hp casting, extra vitality 1, strong-willed 1
a: no special abilities


You were on level 4 of the Dungeon.
You visited 1 branch of the dungeon, and saw 4 of its levels.

You collected 121 gold pieces.

Inventory:

Armour
 a - a +0 robe (worn)
 k - a +1 pair of gloves (worn)
Jewellery
 c - a ring of fire
Scrolls
 b - a scroll of enchant weapon
 g - a scroll of blinking
 h - a scroll of summoning {unknown}
Potions
 d - a potion of resistance
 e - a potion of brilliance {unknown}
 f - a potion of curing
 i - a potion of cancellation {unknown}
 m - 3 potions of flight {unknown}
 o - a potion of haste {unknown}


   Skills:
 - Level 2.1 Dodging
 - Level 1.5 Stealth
 + Level 5.7 Spellcasting


You had 2 spell levels left.
You knew the following spells:

 Your Spells              Type           Power      Damage    Failure   Level
a - Shock                 Conj/Air       100%       1d9       1%          1
b - Static Discharge      Conj/Air       27%        N/A       1%          2
c - Swiftness             Air            27%        N/A       3%          3
d - Airstrike             Air            13%        N/A       11%         4
e - Animate Skeleton      Necr           54%        N/A       1%          1
f - Blink                 Tloc           54%        N/A       1%          2
g - Passwall              Tmut/Erth      22%        N/A       1%          2
Your spell library was empty.

Dungeon Overview and Level Annotations

Branches:
Dungeon (4/15)
 Temple: D:4-7

Altars:
Yredelemnul

Shops:
D:3 [


Innate Abilities, Weirdness & Mutations

You are immune to sickness and miasma.
You are immune to poison.
Your flesh is very heat resistant. (rF++)
You are vulnerable to cold. (rC-)
You float through the air rather than walking.
You learn spells naturally, not from books.
Your magical power is your life essence.
You have superior vitality. (+4 MHP)
You are strong-willed. (Will+)


Message History

A gnoll comes into view. It is wielding a +0 spear.
The zap hits the gnoll.
The gnoll is heavily wounded.
The gnoll shouts!
A gnoll comes into view. It is wielding a +0 spear.
The zap hits the gnoll!
You kill the gnoll!
The gnoll shouts!
The zap hits the gnoll!
The gnoll is heavily wounded.
The zap hits the gnoll.
The gnoll is severely wounded.
The zap hits the gnoll!
You kill the gnoll!
A sourceless malevolence fills the Dungeon... and a teleportation trap spontaneously manifests!
You are yanked towards a nearby monster!
Your surroundings suddenly seem different.
An ogre comes into view. It is wielding a +0 giant club.
Found 10 gold pieces.
Found a stone staircase leading down.
The ogre shouts!
The zap hits the ogre.
The ogre is lightly wounded.
The zap hits the ogre.
The ogre is lightly wounded.
Casting: Shock (safe; 1% risk of failure)
Confirm with . or Enter, or press ? or * to list all spells.
The ogre is struck by an arc of lightning!
The ogre is heavily wounded.
The lightning grounds out.
The ogre hits you with a +0 giant club!
Casting: Static Discharge (safe; 1% risk of failure)
Confirm with . or Enter, or press ? or * to list all spells.
The ogre is struck by an arc of lightning!
The ogre is severely wounded.
You are struck by an arc of lightning.
The ogre is struck by an arc of lightning.
The ogre is almost dead.
The lightning grounds out.
The ogre hits you with a +0 giant club!!
Ouch! That really hurt!
You die...

. ..........
######
..........
......
##.........
......
##..........
......
##..........#
......
#..$........#
#.....
##...........#
##...
#.....@.>....#
###.
#.....O.....##
##
#...........#
##
#...........#
##.
#...........#
#..
#........####
##.#
##########
##.## ##.##
...$...# ##.##


You could see an ogre.

Vanquished Creatures
  2 necrophages
  A centaur skeleton (D:2)
  8 gnolls
  A howler monkey skeleton (D:4)
  4 adders
  3 worms
  5 dart slugs
  An orc (D:4)
  3 ball pythons
  5 endoplasms
  4 giant cockroaches
  3 goblins
  6 hobgoblins
  4 jackals (D:1)
  A quokka (D:4)
  2 bats
  3 frilled lizards
  3 kobolds
  10 rats
69 creatures vanquished.

Notes
Turn   | Place    | Note
-------+----------+-------------------------------------------
     0 | D:1      | riojii the Djinni Air Elementalist began the quest for the
                  | Orb.
     0 | D:1      | Reached XP level 1. HP: 15/15 MP: 0/0
   192 | D:1      | Reached XP level 2. HP: 12/21 MP: 0/0
   664 | D:1      | You are sucked into a shaft and drop 1 floor!
   673 | D:1      | Reached skill level 3 in Spellcasting
  1002 | D:1      | Found a faded altar of an unknown god.
  1011 | D:1      | Reached XP level 3. HP: 23/25 MP: 0/0
  1011 | D:1      | Learned a level 1 spell: Animate Skeleton
  1553 | D:2      | Found a basalt altar of Yredelemnul.
  1826 | D:2      | HP: 1/25 [/static electricity (3)]
  1827 | D:2      | Reached XP level 4. HP: 1/31 MP: 0/0
  2515 | D:2      | Reached skill level 4 in Spellcasting
  2726 | D:1      | Gained mutation: You are strong-willed. (Will+) [potion of
                  | mutation]
  2801 | D:2      | Reached XP level 5. HP: 27/35 MP: 0/0
  2801 | D:2      | Learned a level 2 spell: Blink
  3572 | D:3      | Noticed a necrophage
  3604 | D:3      | Killed a necrophage
  3605 | D:3      | Reached skill level 5 in Spellcasting
  3605 | D:3      | Reached XP level 6. HP: 14/40 MP: 0/0
  3918 | D:3      | Found Jihayv's Armour Emporium.
  4900 | D:4      | Noticed a necrophage
  4905 | D:4      | Killed a necrophage
  5043 | D:4      | Reached XP level 7. HP: 42/45 MP: 0/0
  5043 | D:4      | Learned a level 2 spell: Passwall
  5119 | D:4      | Mangled by an ogre

Illustrated notes

Levels and vault maps discovered:
D:1:      heliophobic_arrival_enchanted_forest, layout_basic,
          hellmonk_ecumenical_altar_crossroads, minmay_rat_gold_closets
D:2:      layout_loops_cross, basic_altar
D:3:      layout_basic, serial_shops, shop
D:4:      layout_cave_pods, chequers_serial_rivers_small_3

Skill      XL: |  1  2  3  4  5 |
---------------+----------------+-----
Spellcasting   | 3 4 5 |  5.7
Dodging        | |  2.1
Stealth        | |  1.5

Action                   |  1- 3 |  4- 6 |  7- 9 || total
-------------------------+-------+-------+-------++-------
 Cast: Shock             |    64 |   102 |    10 ||   176
       Static Discharge  |     6 |    10 |     2 ||    18
       Animate Skeleton  |       |     1 |       ||     1
  Use: Scroll            |       |    11 |       ||    11
       Potion            |       |     1 |       ||     1
Armor: Robe              |     4 |     3 |       ||     7
Dodge: Dodged            |    10 |    10 |       ||    20

Table legend: (Time is in decaauts)
 A = Elapsed time spent in this place.
 B = Non-inter-level travel time spent in this place.
 C = Inter-level travel time spent in this place.
 D = Time resting spent in this place.
 E = Time spent auto-exploring this place.
 F = Levels seen in this place.
 G = Mean time per level.
                   A        B        C        D        E       F      G
               +--------+--------+--------+--------+--------+-----+--------+
         Total |   5121 |   5042 |     79 |    715 |   3858 |   4 | 1280.2 |
       Dungeon |   5121 |   5042 |     79 |    715 |   3858 |   4 | 1280.2 |
               +--------+--------+--------+--------+--------+-----+--------+

Top non-repeatable levels by time:
     D:2: 1872 daAuts
     D:1: 1589 daAuts
     D:3: 1356 daAuts
     D:4: 303 daAuts
